AoeStats
← Mr. Penis

Black Forest

503786228Analyzed
4v4 RM · 1mo ago on Sep 2, 2026· 53m 9s· 8 players
Game mode
Random Map
Map size
Large (8 player)
Population
200
Speed
Normal
Resources
Standard
Victory
Conquest
Starting age
Dark Age
Ending age
Imperial Age
RankedLock teamsTeams togetherTeam positionsShared explorationLock speedFull tech treeHidden civsTurbo modeCheats
Victory
Defeat
🇫🇷 Spanish · France
1483
+5
🇨🇳 Persians · China
1262
+13
🇫🇷 Romans · France
1171
+17
🇯🇵 Celts · Japan
1133
+19
🇳🇱 Britons · Netherlands
1279
-17
🇷🇺 Jurchens · Russia
1229
-14
🇳🇱 Ethiopians · Netherlands
1157
-11
🇬🇧 Goths · United Kingdom
1109
-9
Clue
6:42 Loom
12:40 Feudal Age
14:49 Double-Bit Axe
17:45 Castle Age
15:34 Horse Collar
17:18 Wheelbarrow
17:23 Scale Mail Armor
23:31 Forging
24:36 Squires
28:46 Iron Casting
28:16 Pikeman
30:18 Anarchy
30:44 Masonry
30:23 Town Watch
32:29 Scale Barding Armor
32:48 Chain Mail Armor
35:32 Gold Mining
35:36 Stone Mining
36:02 Bow Saw
35:55 Heavy Plow
36:26 Hand Cart
41:30 Imperial Age
39:34 Ballistics
43:24 Blast Furnace
42:55 Conscription
44:15 Chemistry
43:06 Halberdier
44:57 Crop Rotation
45:29 Two-Man Saw
44:48 Fletching
44:58 Padded Archer Armor
45:42 Elite Huskarl
47:14 Perfusion
Theurarthur
0:49 Loom
13:40 Feudal Age
17:56 Castle Age
16:30 Double-Bit Axe
16:36 Horse Collar
18:33 Stone Mining
29:16 Imperial Age
27:08 Gold Mining
31:19 Chemistry
33:03 Conscription
33:47 Wheelbarrow
34:09 Fletching
34:17 Crossbowman
35:10 Forging
35:44 Arbalester
40:21 Bow Saw
40:20 Bodkin Arrow
41:14 Bracer
42:26 Ballistics
42:08 Padded Archer Armor
44:15 Hand Cart
47:06 Siege Engineers
52:21 Pikeman
53:01 Squires
RedReddington
1:06 Loom
13:18 Feudal Age
16:10 Double-Bit Axe
19:44 Wheelbarrow
21:38 Padded Archer Armor
31:30 Gold Mining
31:31 Stone Mining
32:59 Fletching
36:44 Castle Age
37:52 Crossbowman
44:18 Thumb Ring
46:08 Bodkin Arrow
47:50 Hand Cart
49:18 Gold Shaft Mining
49:18 Stone Shaft Mining
49:53 Ballistics
49:32 Town Watch
49:38 Town Watch
Mr. Penis
12:39 Feudal Age
16:46 Castle Age
15:28 Horse Collar
15:35 Double-Bit Axe
16:03 Loom
18:05 Bow Saw
20:13 Gold Mining
21:18 Wheelbarrow
29:06 Siege Engineers
31:31 Masonry
32:20 Gold Shaft Mining
31:35 Stone Mining
33:18 Stone Shaft Mining
34:06 Hand Cart
33:36 Town Watch
34:48 Town Patrol
35:33 Coinage
38:02 Imperial Age
35:57 Scale Barding Armor
36:02 Forging
36:37 Fortified Bastions
39:42 Bloodlines
39:33 Husbandry
40:06 Conscription
40:22 Hoardings
39:49 Heavy Plow
39:53 Elite Iron Pagoda
40:31 Fletching
42:57 Two-Man Saw
44:55 Crop Rotation
47:49 Herbal Medicine
49:46 Ballistics
50:26 Chemistry
50:53 Fortified Wall
GC ZinoGold
8:28 Loom
10:16 Feudal Age
10:17 Man-at-Arms
11:01 Double-Bit Axe
12:10 Scale Mail Armor
12:26 Horse Collar
13:09 Forging
19:33 Gold Mining
22:56 Castle Age
23:15 Loom
23:48 Bow Saw
23:41 Heavy Plow
24:05 Chain Mail Armor
24:06 Long Swordsman
33:19 Iron Casting
35:56 Fletching
38:15 Ballistas
38:20 Bodkin Arrow
39:44 Wheelbarrow
39:34 Squires
43:17 Imperial Age
41:03 Masonry
41:17 Ballistics
41:31 Pikeman
42:42 Hand Cart
42:13 Town Watch
43:58 Heavy Scorpion
45:24 Siege Engineers
45:55 Legionary
47:36 Architecture
47:18 Fortified Wall
47:36 Conscription
47:02 Halberdier
49:38 Caravan
168kcal
0:47 Loom
16:22 Feudal Age
20:15 Castle Age
18:03 Double-Bit Axe
18:29 Horse Collar
20:14 Wheelbarrow
22:12 Bow Saw
26:44 Scale Mail Armor
26:15 Man-at-Arms
29:18 Long Swordsman
31:20 Chain Mail Armor
31:20 Forging
34:09 Iron Casting
34:05 Fletching
35:16 Heavy Plow
35:41 Gambesons
39:21 Fortified Wall
46:03 Imperial Age
44:33 Hand Cart
44:04 Town Watch
45:12 Pikeman
47:18 Plate Mail Armor
46:16 Two-Handed Swordsman
48:04 Blast Furnace
47:12 Champion
48:52 Capped Ram
50:23 Gold Mining
50:23 Stone Mining
53:03 Halberdier
5720638
0:53 Loom
11:00 Feudal Age
15:10 Castle Age
15:41 Double-Bit Axe
15:38 Horse Collar
22:42 Fervor
29:47 Imperial Age
27:26 Stone Mining
27:27 Gold Mining
28:56 Bloodlines
28:47 Husbandry
29:28 Wheelbarrow
28:39 Town Watch
30:22 Stone Shaft Mining
30:23 Gold Shaft Mining
30:29 Bow Saw
30:06 Cavalier
30:58 Forging
30:55 Scale Barding Armor
33:25 Two-Man Saw
33:05 Iron Casting
31:52 Savar
33:13 Conscription
33:06 Citadels
34:12 Chemistry
33:35 Ballistics
33:50 Scale Mail Armor
34:14 Chain Barding Armor
34:54 Blast Furnace
34:40 Thumb Ring
34:35 Fletching
36:07 Bodkin Arrow
38:18 Hand Cart
38:04 Town Patrol
38:30 Capped Ram
40:50 Plate Barding Armor
40:13 Murder Holes
40:29 Masonry
40:17 Herbal Medicine
40:24 Padded Archer Armor
41:06 Elite Skirmisher
41:06 Crossbowman
41:18 Siege Ram
42:37 Kamandaran
41:58 Elite War Elephant
43:14 Hoardings
42:10 Sappers
42:44 Heavy Plow
43:19 Architecture
50:15 Light Cavalry
51:28 Hussar
Rocgash
7:24 Loom
10:33 Feudal Age
14:47 Castle Age
15:33 Padded Archer Armor
16:37 Gold Mining
16:35 Double-Bit Axe
18:25 Bloodlines
23:31 Leather Archer Armor
25:07 Husbandry
30:00 Wheelbarrow
29:10 Town Watch
29:13 Horse Collar
30:58 Forging
34:42 Iron Casting
35:38 Scale Barding Armor
36:57 Chain Barding Armor
40:41 Imperial Age
40:56 Cavalier
43:07 Conscription
42:47 Paladin
44:16 Plate Barding Armor
44:49 Blast Furnace
47:27 Stone Mining
47:41 Heavy Plow
47:57 Bow Saw
49:40 Caravan
50:30 Elite Conquistador
Connection lost

Rejoining the realm…

Still unreachable

The connection could not be restored.

Session expired

The server has moved on; the page needs a fresh start.